[ AOE2 MATCH · #508393169 ]
UnrankedGoths vs Turks
Player's team · WIN
Rival team · LOSS
[ REPLAY ANALYSIS · EXTRACTED FROM THE RECORDED GAME ]
Feudal
9:41
Castle
18:21
Imperial
—
| APM avg | 44.3 |
| APM peak | 83 |
| eAPM avg | 22.1 |
| Villagers / military | 69 / 40 |
Focus
⚔️ 40.9% · 🌾 59.1%
Archer ×36 · Fishing Ship ×16 · Militia ×3 · Fire Galley ×1
Feudal
10:31
Castle
14:41
Imperial
—
| APM avg | 75.7 |
| APM peak | 116 |
| eAPM avg | 32.1 |
| Villagers / military | 69 / 28 |
Focus
⚔️ 41.0% · 🌾 59.0%
Janissary ×21 · Fishing Ship ×12 · Mangonel ×7
Match map
Initial resources + every placement click. Lines = walls · curves = elevation contours. ◆ gold · ⬟ stone · ● berries · ✦ relic · ◌ wall gap
Your base· Open — unwalled flank
Edelreiss's base· Open — unwalled flank
Smoothed initial terrain · ◌ = detected wall gap · hover for details
Inputs per minute
— [ASYNC]GodsPrisoner - - Edelreiss
Build order — [ASYNC]GodsPrisoner
First 150 of 198 actions detected
| 0:01 | Research | Loom |
| 0:02 | Queue | Villager (Male) |
| 0:02 | Queue | Villager (Male) |
| 0:04 | Build | House |
| 0:05 | Build | House |
| 0:08 | Queue | Villager (Male) |
| 0:08 | Queue | Villager (Male) |
| 0:08 | Queue | Villager (Male) |
| 1:33 | Queue | Villager (Male) |
| 1:57 | Build | Lumber Camp |
| 2:00 | Queue | Villager (Male) |
| 2:30 | Queue | Villager (Male) |
| 2:59 | Queue | Villager (Male) |
| 3:01 | Queue | Villager (Male) |
| 3:31 | Queue | Villager (Male) |
| 3:54 | Build | House |
| 4:07 | Queue | Villager (Male) |
| 4:09 | Queue | Villager (Male) |
| 4:29 | Queue | Villager (Male) |
| 4:45 | Build | Dock |
| 5:08 | Queue | Villager (Male) |
| 5:21 | Queue | Villager (Male) |
| 5:28 | Queue | Villager (Male) |
| 5:36 | Queue | Fishing Ship |
| 5:46 | Queue | Fishing Ship |
| 5:47 | Queue | Villager (Male) |
| 6:21 | Build | House |
| 6:52 | Build | House |
| 6:55 | Queue | Fishing Ship |
| 7:31 | Research | Feudal Age |
| 8:09 | Build | Barracks |
| 8:40 | Build | Mining Camp |
| 8:45 | Queue | Militia |
| 8:46 | Queue | Militia |
| 8:52 | Build | Palisade Wall |
| 8:53 | Build | House |
| 8:59 | Queue | Fishing Ship |
| 9:12 | Queue | Militia |
| 9:40 | Build | Outpost |
| 9:41 | Age | Feudal Age |
| 9:43 | Queue | Villager (Male) |
| 9:46 | Research | Double-Bit Axe |
| 9:47 | Research | Man-at-Arms (upgrade) |
| 10:04 | Queue | Villager (Male) |
| 10:06 | Queue | Fishing Ship |
| 10:11 | Build | House |
| 10:16 | Queue | Villager (Male) |
| 10:28 | Queue | Villager (Male) |
| 10:39 | Build | Archery Range |
| 10:42 | Queue | Villager (Male) |
| 10:48 | Queue | Villager (Male) |
| 11:01 | Queue | Fishing Ship |
| 11:03 | Queue | Villager (Male) |
| 11:17 | Build | Watch Tower |
| 11:26 | Queue | Villager (Male) |
| 11:31 | Build | House |
| 11:38 | Queue | Archer |
| 11:40 | Build | House |
| 11:43 | Queue | Villager (Male) |
| 11:54 | Queue | Villager (Male) |
| 11:57 | Queue | Archer |
| 11:58 | Queue | Villager (Male) |
| 12:14 | Queue | Fishing Ship |
| 12:16 | Queue | Villager (Male) |
| 12:26 | Queue | Villager (Male) |
| 12:33 | Queue | Villager (Male) |
| 12:45 | Queue | Archer |
| 12:47 | Queue | Villager (Male) |
| 12:55 | Queue | Villager (Male) |
| 13:13 | Queue | Villager (Male) |
| 13:14 | Queue | Archer |
| 13:19 | Build | House |
| 13:27 | Build | Mill |
| 13:29 | Queue | Villager (Male) |
| 13:35 | Queue | Fishing Ship |
| 13:36 | Queue | Villager (Male) |
| 13:51 | Build | House |
| 13:52 | Build | House |
| 13:54 | Build | House |
| 13:58 | Queue | Archer |
| 13:58 | Queue | Villager (Male) |
| 14:18 | Research | Tech 906 |
| 14:38 | Build | Market |
| 14:57 | Build | Dock |
| 15:11 | Queue | Villager (Male) |
| 15:12 | Build | House |
| 15:24 | Build | Palisade Wall |
| 15:28 | Build | Palisade Wall |
| 15:31 | Build | Palisade Wall |
| 15:41 | Research | Castle Age |
| 15:41 | Research | Castle Age |
| 15:45 | Build | Archery Range |
| 16:04 | Queue | Fishing Ship |
| 16:04 | Queue | Fishing Ship |
| 16:25 | Queue | Archer |
| 16:26 | Queue | Archer |
| 16:49 | Build | Watch Tower |
| 16:55 | Build | Watch Tower |
| 16:58 | Queue | Villager (Male) |
| 17:07 | Queue | Archer |
| 17:14 | Queue | Villager (Male) |
| 17:17 | Build | Blacksmith |
| 17:19 | Queue | Archer |
| 17:21 | Queue | Villager (Male) |
| 17:29 | Build | Palisade Wall |
| 17:47 | Queue | Archer |
| 17:51 | Queue | Villager (Male) |
| 18:09 | Research | Fletching |
| 18:09 | Queue | Archer |
| 18:10 | Research | Gold Mining |
| 18:21 | Age | Castle Age |
| 18:30 | Research | Crossbowman (upgrade) |
| 18:30 | Queue | Villager (Male) |
| 18:35 | Build | House |
| 18:47 | Research | Bodkin Arrow |
| 18:49 | Queue | Villager (Male) |
| 19:00 | Build | Palisade Wall |
| 19:01 | Build | Palisade Wall |
| 19:01 | Build | Palisade Wall |
| 19:01 | Build | Palisade Wall |
| 19:02 | Build | Palisade Wall |
| 19:11 | Build | University |
| 19:13 | Queue | Villager (Male) |
| 19:14 | Research | Bow Saw |
| 19:25 | Queue | Villager (Male) |
| 19:28 | Queue | Archer |
| 19:29 | Queue | Archer |
| 19:29 | Queue | Archer |
| 19:29 | Queue | Archer |
| 19:47 | Queue | Villager (Male) |
| 19:55 | Queue | Archer |
| 20:06 | Queue | Villager (Male) |
| 20:23 | Research | Ballistics |
| 20:23 | Research | Ballistics |
| 20:27 | Queue | Archer |
| 20:28 | Queue | Archer |
| 20:36 | Queue | Villager (Male) |
| 20:41 | Build | Outpost |
| 20:44 | Build | Dock |
| 20:54 | Research | Padded Archer Armor |
| 20:54 | Queue | Archer |
| 20:55 | Queue | Archer |
| 20:55 | Queue | Archer |
| 20:56 | Queue | Villager (Male) |
| 21:06 | Queue | Villager (Male) |
| 21:21 | Research | Wheelbarrow |
| 21:27 | Queue | Fishing Ship |
| 21:27 | Queue | Fishing Ship |
| 21:29 | Queue | Villager (Male) |
| 21:37 | Queue | Archer |
Build order — Edelreiss
First 150 of 156 actions detected
| 0:01 | Queue | Villager (Male) |
| 0:01 | Queue | Villager (Male) |
| 0:01 | Queue | Villager (Male) |
| 0:02 | Build | House |
| 0:03 | Build | House |
| 0:06 | Queue | Villager (Male) |
| 1:15 | Queue | Villager (Male) |
| 1:48 | Build | Lumber Camp |
| 2:00 | Queue | Villager (Male) |
| 2:00 | Queue | Villager (Male) |
| 2:25 | Queue | Villager (Male) |
| 2:26 | Queue | Villager (Male) |
| 3:13 | Queue | Villager (Male) |
| 3:13 | Queue | Villager (Male) |
| 3:16 | Build | House |
| 3:30 | Queue | Villager (Male) |
| 3:30 | Queue | Villager (Male) |
| 4:00 | Build | Dock |
| 4:09 | Queue | Villager (Male) |
| 4:09 | Queue | Villager (Male) |
| 4:23 | Queue | Villager (Male) |
| 4:23 | Queue | Villager (Male) |
| 4:41 | Queue | Fishing Ship |
| 4:42 | Queue | Fishing Ship |
| 4:51 | Queue | Villager (Male) |
| 5:07 | Queue | Fishing Ship |
| 5:12 | Queue | Villager (Male) |
| 5:22 | Build | House |
| 5:46 | Queue | Villager (Male) |
| 5:47 | Queue | Fishing Ship |
| 5:53 | Queue | Villager (Male) |
| 6:00 | Build | House |
| 6:03 | Queue | Villager (Male) |
| 6:07 | Build | Palisade Wall |
| 6:09 | Build | Palisade Wall |
| 6:15 | Queue | Villager (Male) |
| 6:26 | Queue | Fishing Ship |
| 6:58 | Queue | Villager (Male) |
| 7:11 | Build | Mining Camp |
| 7:34 | Research | Loom |
| 7:44 | Queue | Fishing Ship |
| 7:45 | Queue | Fishing Ship |
| 8:08 | Research | Feudal Age |
| 8:08 | Research | Feudal Age |
| 8:22 | Queue | Fishing Ship |
| 8:33 | Build | House |
| 9:06 | Build | House |
| 9:26 | Queue | Villager (Male) |
| 9:26 | Queue | Villager (Male) |
| 9:50 | Build | Palisade Wall |
| 9:51 | Build | Palisade Wall |
| 9:51 | Build | Palisade Wall |
| 9:51 | Build | Palisade Wall |
| 10:31 | Age | Feudal Age |
| 10:43 | Build | Mill |
| 10:53 | Build | Blacksmith |
| 11:00 | Build | Palisade Wall |
| 11:03 | Build | Palisade Wall |
| 11:04 | Build | Palisade Wall |
| 11:14 | Build | Market |
| 11:25 | Queue | Villager (Male) |
| 12:01 | Research | Castle Age |
| 12:01 | Research | Castle Age |
| 13:04 | Build | House |
| 13:47 | Queue | Fishing Ship |
| 14:41 | Age | Castle Age |
| 14:58 | Build | Castle |
| 15:14 | Queue | Villager (Male) |
| 15:14 | Queue | Villager (Male) |
| 15:19 | Research | Padded Archer Armor |
| 15:29 | Build | House |
| 15:44 | Research | Tech 906 |
| 15:45 | Queue | Villager (Male) |
| 16:06 | Queue | Janissary |
| 16:07 | Queue | Janissary |
| 16:17 | Build | Mining Camp |
| 16:21 | Queue | Villager (Male) |
| 16:22 | Queue | Janissary |
| 16:22 | Queue | Villager (Male) |
| 16:27 | Queue | Janissary |
| 16:47 | Queue | Villager (Male) |
| 16:54 | Research | Gold Mining |
| 16:54 | Research | Gold Mining |
| 17:04 | Queue | Villager (Male) |
| 17:13 | Build | House |
| 17:19 | Queue | Villager (Male) |
| 17:35 | Queue | Janissary |
| 17:45 | Build | Dock |
| 17:54 | Queue | Janissary |
| 18:05 | Queue | Villager (Male) |
| 18:06 | Queue | Villager (Male) |
| 18:06 | Queue | Villager (Male) |
| 18:06 | Queue | Villager (Male) |
| 18:19 | Build | Lumber Camp |
| 18:23 | Queue | Janissary |
| 18:31 | Queue | Villager (Male) |
| 18:53 | Queue | Janissary |
| 18:53 | Queue | Janissary |
| 19:12 | Queue | Janissary |
| 19:13 | Queue | Janissary |
| 19:26 | Build | Siege Workshop |
| 19:44 | Queue | Villager (Male) |
| 19:56 | Queue | Villager (Male) |
| 20:07 | Queue | Mangonel |
| 20:07 | Queue | Mangonel |
| 20:08 | Queue | Mangonel |
| 20:21 | Research | Double-Bit Axe |
| 20:22 | Research | Double-Bit Axe |
| 20:22 | Queue | Villager (Male) |
| 20:31 | Queue | Villager (Male) |
| 20:32 | Queue | Villager (Male) |
| 20:34 | Queue | Villager (Male) |
| 20:34 | Queue | Villager (Male) |
| 20:51 | Queue | Villager (Male) |
| 20:53 | Queue | Fishing Ship |
| 21:16 | Queue | Mangonel |
| 21:16 | Queue | Mangonel |
| 21:18 | Queue | Janissary |
| 21:18 | Queue | Janissary |
| 21:40 | Queue | Janissary |
| 21:40 | Queue | Janissary |
| 21:48 | Queue | Villager (Male) |
| 21:48 | Queue | Villager (Male) |
| 21:55 | Queue | Villager (Male) |
| 21:59 | Queue | Fishing Ship |
| 22:00 | Queue | Fishing Ship |
| 22:04 | Queue | Villager (Male) |
| 22:04 | Queue | Villager (Male) |
| 22:15 | Research | Bow Saw |
| 22:27 | Queue | Janissary |
| 22:46 | Queue | Villager (Male) |
| 22:46 | Queue | Villager (Male) |
| 22:51 | Build | Town Center |
| 22:59 | Build | House |
| 23:00 | Queue | Villager (Male) |
| 23:06 | Queue | Villager (Male) |
| 23:07 | Queue | Villager (Male) |
| 23:13 | Queue | Janissary |
| 23:13 | Queue | Janissary |
| 23:13 | Queue | Janissary |
| 23:25 | Build | House |
| 23:41 | Queue | Mangonel |
| 23:41 | Queue | Mangonel |
| 23:46 | Queue | Villager (Male) |
| 23:48 | Queue | Villager (Male) |
| 23:59 | Queue | Villager (Male) |
| 24:19 | Queue | Villager (Male) |
| 24:22 | Queue | Villager (Male) |
| 24:35 | Queue | Janissary |
| 24:35 | Queue | Janissary |
Match timeline
| 4:00 | Edelreiss · first_building Dock |
| 4:45 | [ASYNC]GodsPrisoner · first_building Dock |
| 6:07 | Edelreiss · wall_segment Palisade Wall x1 |
| 6:09 | Edelreiss · wall_segment Palisade Wall x1 |
| 8:09 | [ASYNC]GodsPrisoner · first_building Barracks |
| 8:52 | [ASYNC]GodsPrisoner · wall_segment Palisade Wall x1 |
| 9:41 | [ASYNC]GodsPrisoner · age_up feudal |
| 9:50 | Edelreiss · wall_segment Palisade Wall x1 |
| 9:51 | Edelreiss · wall_segment Palisade Wall x1 |
| 9:51 | Edelreiss · wall_segment Palisade Wall x1 |
| 9:51 | Edelreiss · wall_segment Palisade Wall x1 |
| 10:31 | Edelreiss · age_up feudal |
| 10:39 | [ASYNC]GodsPrisoner · first_building Archery Range |
| 11:00 | Edelreiss · wall_segment Palisade Wall x1 |
| 11:03 | Edelreiss · wall_segment Palisade Wall x1 |
| 11:04 | Edelreiss · wall_segment Palisade Wall x1 |
| 12:00 | Edelreiss · first_market_sell 100 stone |
| 14:07 | Edelreiss · first_market_buy 100 stone |
| 14:41 | Edelreiss · age_up castle |
| 14:58 | Edelreiss · first_building Castle |
| 15:24 | [ASYNC]GodsPrisoner · wall_segment Palisade Wall x11 |
| 15:28 | [ASYNC]GodsPrisoner · wall_segment Palisade Wall x3 |
| 15:31 | [ASYNC]GodsPrisoner · wall_segment Palisade Wall x7 |
| 15:40 | [ASYNC]GodsPrisoner · first_market_buy 100 food |
| 16:38 | [ASYNC]GodsPrisoner · first_market_sell 100 food |
| 17:29 | [ASYNC]GodsPrisoner · wall_segment Palisade Wall x19 |
| 18:21 | [ASYNC]GodsPrisoner · age_up castle |
| 19:00 | [ASYNC]GodsPrisoner · wall_segment Palisade Wall x1 |
| 19:01 | [ASYNC]GodsPrisoner · wall_segment Palisade Wall x1 |
| 19:01 | [ASYNC]GodsPrisoner · wall_segment Palisade Wall x1 |
| 19:01 | [ASYNC]GodsPrisoner · wall_segment Palisade Wall x1 |
| 19:02 | [ASYNC]GodsPrisoner · wall_segment Palisade Wall x1 |
| 19:26 | Edelreiss · first_building Siege Workshop |
| 25:55 | Edelreiss · resign |
[ AI ANALYSIS · 1 CREDIT ]
What really happened in this match?
Wolo.gg analyzes every decision: build order, eco, micro, common mistakes by bracket. Personalized analysis on WhatsApp or Discord in 30 seconds.
Civ guide
Goths
Perfil
Jugador #2420511